 Dungeon Crawl Stone Soup version 0.22-a0-252-gcace5d2 (webtiles) character file.

917 Amnesiac the Nimble (level 7, 0/38 HPs)
             Began as a Spriggan Fighter on Mar 2, 2018.
             Succumbed to a scorpion's poison
             ... on level 5 of the Dungeon.
             The game lasted 00:09:17 (3473 turns).

Amnesiac the Nimble (Spriggan Fighter)              Turns: 3473, Time: 00:09:18

Health: 0/38       AC:  2    Str: 14    XL:     7   Next: 83%
Magic:  8/8        EV: 26    Int:  9    God:
Gold:   182        SH:  7    Dex: 16    Spells: 6/6 levels left

rFire    . . .     SeeInvis +   a - +1 long sword
rCold    . . .     Gourm    .   c - +1 buckler
rNeg     . . .     Faith    .   i - +0 robe
rPois    .         Spirit   .   (helmet restricted)
rElec    .         Reflect  .   (no cloak)
rCorr    .         Harm     .   (gloves unavailable)
MR       ++...                  (boots unavailable)
Stlth    +.........             (no amulet)
HPRegen  0.12/turn              k - ring of protection from magic
MPRegen  0.11/turn              (no ring)

@: lethally poisoned (0 -> -4), very quick
A: very small, unfitting armour, see invisible, herbivore, speed 3, slow
metabolism 2
a: no special abilities


You were on level 5 of the Dungeon.
You were not hungry.

You visited 1 branch of the dungeon, and saw 6 of its levels.

You collected 182 gold pieces.

Inventory:

Hand Weapons
 a - a +1 long sword (weapon)
 b - a +0 hunting sling
 p - a +1 dagger of pain
Missiles
 e - 97 stones (quivered)
 h - 8 poisoned needles
 l - 12 bolts
 o - 13 sling bullets
Armour
 c - a +1 buckler (worn)
 i - a +0 robe (worn)
Jewellery
 k - a ring of protection from magic (left hand)
 m - an uncursed ring of fire
Scrolls
 d - a scroll of enchant weapon {!r}
 g - 3 scrolls of identify {!r}
 n - 2 scrolls of immolation {!r}
Potions
 j - a potion of cancellation {!q}
Comestibles
 f - 6 rations


   Skills:
 + Level 4.8 Fighting
 - Level 2.0 Long Blades
 * Level 11.0 Dodging
 - Level 2.1 Shields


You had 6 spell levels left.
You didn't know any spells.

Dungeon Overview and Level Annotations

Branches:
Dungeon (6/15)
 Temple: D:4-7

Altars:
Hepliaklqana

Annotations:
D:3 Terence
D:5 Grinder; torrenera's ghost, novice GnSk


Innate Abilities, Weirdness & Mutations

You are very small and have problems with some larger weapons.
You are too small for most types of armour.
You have supernaturally acute eyesight. (SInv)
You are a herbivore.
You cover ground extremely quickly.
You need consume almost no food.


Message History

You kill the orc!
The ogre completely misses you.
You hit the ogre.
The ogre is lightly wounded.
The ogre completely misses you.
You hit the ogre but do no damage.
The ogre is lightly wounded.
The ogre closely misses you.
You riposte.
You hit the ogre.
The ogre is moderately wounded.
You hit the ogre.
The ogre is moderately wounded.
You hit the ogre.
The ogre is heavily wounded.
The ogre completely misses you.
You hit the ogre but do no damage.
The ogre is heavily wounded.
The ogre barely misses you.
You barely miss the ogre.
The ogre is heavily wounded.
The ogre hits you with a giant spiked club!!
* * * LOW HITPOINT WARNING * * *
You closely miss the ogre.
The ogre is heavily wounded.
The ogre barely misses you.
A troll opens the door.
A worker ant comes into view.
The worker ant twitches its antennae in your direction.
The worker ant misses you. You block the worker ant's attack.
You hit the worker ant.
The worker ant is moderately wounded.
The worker ant completely misses you. The worker ant bites you!
* * * LOW HITPOINT WARNING * * *
A scorpion comes into view.
You hit the scorpion.
The scorpion is moderately wounded.
You block the scorpion's attack. The scorpion stings you.
* * * LOW HITPOINT WARNING * * *
You are lethally poisoned!
The scorpion poisons you!
* * * LOW HITPOINT WARNING * * *
You feel sick. The scorpion stings you.
* * * LOW HITPOINT WARNING * * *
* * * LOW HITPOINT WARNING * * *
You feel sick.
* * * LOW HITPOINT WARNING * * *
You feel sick.
Okay, then.
* * * LOW HITPOINT WARNING * * *
You feel sick.
You aren't carrying any items that you can evoke.
Really read
q - a scroll labeled MAEPPEINNA {!r}?
As you read the scroll labeled MAEPPEINNA {!r}, it crumbles to dust.
You hear a loud clanging noise!
It was a scroll of noise {!r}.
You hear a shout! x2
* * * LOW HITPOINT WARNING * * *
You feel sick.
There is a stone staircase leading up here.
* * * LOW HITPOINT WARNING * * *
You feel sick.
You climb upwards.
Level annotation: Grinder; torrenera's ghost, novice GnSk You die...

....##...###.....##.###
.......######.......#
.......##...)[....#.#####
.##....##.###.......5[..#
.##.....).........#.###.#
.##...########......# #.#
..+.....# #....###
#5##### ###.....# ##..###
#....<# # #.....# #.@..#
####### ###.....# ####.##
#@'.....# #..# #.#.....#
##.## ..#.....# #..#
######### #######.#
#.......# #.#######


You could see Grinder.

Vanquished Creatures
  Edmund (D:5)
  A sky beast (D:4)
  A phantom (D:4)
  Blork the orc (D:6)
  A howler monkey (D:4)
  2 crimson imps (D:5)
  2 orc priests
  3 hounds
  2 worker ants
  5 orc wizards
  8 adders
  An ooze (D:3)
  An adder zombie (D:5)
  2 adder skeletons
  A dart slug (D:4)
  2 leopard geckos
  7 orcs
  3 bats (D:1)
  2 giant cockroaches
  A hobgoblin (D:1)
  2 jackals (D:5)
  A quokka (D:5)
  A ball python (D:3)
  A frilled lizard (D:2)
  A kobold (D:3)
  A leopard gecko skeleton (D:5)
  2 rats
56 creatures vanquished.

Notes
Turn   | Place    | Note
-------+----------+-------------------------------------------
     0 | D:1      | Amnesiac the Spriggan Fighter began the quest for the Orb.
     0 | D:1      | Reached XP level 1. HP: 11/11 MP: 2/2
   200 | D:3      | Found a hazy altar of Hepliaklqana.
   209 | D:3      | Reached XP level 2. HP: 16/16 MP: 3/3
   287 | D:4      | Noticed a scorpion
   358 | D:3      | Noticed Terence
   498 | D:4      | Reached skill level 5 in Dodging
   639 | D:4      | Noticed a phantom
   653 | D:5      | Entered Level 5 of the Dungeon
   653 | D:5      | Noticed a crimson imp
   661 | D:5      | Noticed Edmund
   667 | D:5      | Noticed a crimson imp
   671 | D:5      | Reached XP level 3. HP: 12/19 MP: 4/4
   690 | D:5      | Reached skill level 6 in Dodging
   690 | D:5      | Reached XP level 4. HP: 13/24 MP: 5/5
   730 | D:5      | Killed Edmund
   730 | D:5      | Reached skill level 7 in Dodging
   730 | D:5      | Reached XP level 5. HP: 17/28 MP: 6/6
   735 | D:5      | Reached skill level 8 in Dodging
   735 | D:5      | Reached XP level 6. HP: 18/33 MP: 7/7
  1690 | D:5      | Noticed torrenera's ghost (novice GnSk)
  1789 | D:4      | Reached skill level 9 in Dodging
  2337 | D:4      | Reached XP level 7. HP: 12/38 MP: 8/8
  2636 | D:4      | Reached skill level 10 in Dodging
  3279 | D:5      | Noticed Grinder
  3310 | D:6      | Noticed Blork the orc
  3332 | D:6      | Killed Blork the orc
  3396 | D:6      | Noticed a troll
  3430 | D:6      | Reached skill level 11 in Dodging
  3469 | D:6      | HP: 1/38 [poisoned by a scorpion]
  3473 | D:5      | Succumbed to a scorpion's poison

Vault maps used:
D:1:      matt_arrival_los_fun
D:2:      chequers_ecumenical_altar_lobes, minmay_misc_feat_rows,
          corexii_item_surrounded_by_moat, uniq_sigmund
D:3:      lemuel_round_altar, first_ration, hangedman_decor_points,
          fedhas_altar_fruit_tree, uniq_terence, uniq_natasha
D:4:      cheibrodos_pilgrimage
D:5:      lemuel_ice_spiral_2, patterned_corridor, uniq_grinder, uniq_edmund,
          uniq_crazy_yiuf_cottage, uniq_menkaure
D:6:      minmay_opposing_rooms, basic_altar, uniq_blork_the_orc

Skill      XL: |  1  2  3  4  5  6  7 |
---------------+----------------------+-----
Long Blades    | 2 |  2.0
Dodging        | 5 6 7 8 9 11 | 11.0
Fighting       | 3 4 |  4.8
Shields        | |  2.1

Action                   |  1- 3 |  4- 6 |  7- 9 || total
-------------------------+-------+-------+-------++-------
Melee: Long sword        |    49 |   119 |    61 ||   229
 Fire: Hunting sling     |     1 |    37 |    23 ||    61
  Use: Potion            |     1 |     2 |       ||     3
       Scroll            |       |     5 |     3 ||     8
  Eat: Ration            |       |       |     1 ||     1
Armor: Robe              |     2 |     5 |       ||     7
Dodge: Dodged            |    63 |    91 |    62 ||   216
Block: Buckler           |    15 |    34 |    30 ||    79
       Rpst.: Long sword |    20 |    33 |    16 ||    69

Table legend:
 A = Spawn XP
 B = Non-spawn XP
 C = Spawn XP percentage of total XP
 D = Spawn monster count
 E = Non-spawn monster count
 F = Spawn count percentage of total count
 G = Total turns spent on level
                    A         B        C        D         E        F      G
               +---------+---------+-------+---------+---------+-------+---------
         Total |       0 |    1310 |   0.0 |       0 |      56 |   0.0 |  3473
               +---------+---------+-------+---------+---------+-------+---------
           D:1 |       0 |       9 |   0.0 |       0 |       6 |   0.0 |   105
           D:2 |       0 |      29 |   0.0 |       0 |       3 |   0.0 |   212
           D:3 |       0 |      14 |   0.0 |       0 |       5 |   0.0 |   399
           D:4 |       0 |     597 |   0.0 |       0 |      18 |   0.0 |  1510
           D:5 |       0 |     454 |   0.0 |       0 |      17 |   0.0 |  1071
           D:6 |       0 |     207 |   0.0 |       0 |       7 |   0.0 |   176
               +---------+---------+-------+---------+---------+-------+---------
